 Dungeon Crawl Stone Soup version 0.30.1-4-g462c640d31 (webtiles) character file.

Game seed: 443606935134408112

1726 kingsuperguy the Fighter (level 9, -3/81 HPs)
             Began as a Gnoll Wanderer on Sept 1, 2023.
             Was an Elder of Fedhas.
             Shot with an arrow by a centaur (6 damage)
             ... on level 8 of the Dungeon.
             The game lasted 00:17:05 (4861 turns).

kingsuperguy the Fighter (Gnoll Wanderer)           Turns: 4861, Time: 00:17:06

Health: -3/81      AC:  8    Str:  7 (10) XL:     9   Next: 4%
Magic:  0/15       EV: 13    Int:  7 (10) God:    Fedhas [****..]
Gold:   193        SH:  0    Dex: 18 (19) Spells: 16/16 levels left

rFire   + . .        i - +2 hand crossbow (flame)
rCold   + . .        (no shield)
rNeg    . . .        d - +0 leather armour
rPois   +            (no helmet)
rElec   +            j - +1 cloak
rCorr   +            O - +0 pair of gloves
SInv    +            s - +0 pair of boots
Will    .....        n - amulet of guardian spirit
Stlth   +++          A - ring of see invisible
HPRegen 0.33/turn    q - ring of poison resistance
MPRegen 0.14/turn

%: guardian spirit
@: brilliant, resistant, hasted, very quick
A: fangs 1, strong nose, distributed training
a: Renounce Religion, Wall of Briars, Grow Ballistomycete, Overgrow


You were on level 8 of the Dungeon.
You worshipped Fedhas.
Fedhas was greatly pleased with you.
You visited 1 branch of the dungeon, and saw 9 of its levels.

You collected 229 gold pieces.
You spent 36 gold pieces at shops.

Inventory:

Hand Weapons
 a - a +3 sling
 i - a +2 hand crossbow of flaming (weapon)
 y - a +1 longbow
 B - a +0 long sword of electrocution
 F - a +0 morningstar
 J - a +3 flail
 M - a +2 sling of draining
Armour
 b - a +0 pair of boots
 d - a +0 leather armour (worn)
 h - a +1 helmet
 j - a +1 cloak (worn)
 s - a +0 pair of boots (worn)
 O - a +0 pair of gloves (worn)
Magical Staves
 G - a staff of death
Jewellery
 n - an amulet of guardian spirit (around neck)
 o - a +6 ring of intelligence
 p - a ring of resist corrosion
 q - a ring of poison resistance (right hand)
 w - a ring of magical power
 A - a ring of see invisible (left hand)
 K - an amulet of the acrobat
Wands
 e - a wand of flame (9)
 H - a wand of roots (5)
 P - a wand of paralysis (10)
Scrolls
 l - a scroll of enchant armour
 m - a scroll of fog
 u - 2 scrolls of noise
 N - 2 scrolls of immolation
Potions
 c - 2 potions of berserk rage
 f - a potion of haste
 g - 5 potions of flight
 k - a potion of mutation {unknown}
 r - 2 potions of brilliance
 t - 2 potions of might {unknown}
 x - a potion of heal wounds {unknown}
 z - 2 potions of lignification {unknown}
 D - a potion of degeneration
 E - a potion of magic {unknown}


   Skills:
 + Level 11.2 Fighting
 + Level 4.0 Short Blades
 + Level 4.0 Long Blades
 + Level 4.0 Axes
 + Level 4.0 Maces & Flails
 + Level 4.0 Polearms
 + Level 4.0 Staves
 + Level 7.7 Ranged Weapons
 + Level 4.0 Throwing
 + Level 4.0 Armour
 + Level 4.8 Dodging
 + Level 4.7 Stealth
 + Level 4.0 Shields
 + Level 4.0 Unarmed Combat
 + Level 4.0 Spellcasting
 + Level 3.2 Conjurations
 + Level 3.2 Hexes
 + Level 3.2 Summonings
 + Level 3.2 Necromancy
 + Level 3.2 Translocations
 + Level 3.2 Transmutations
 + Level 3.2 Fire Magic
 + Level 3.2 Ice Magic
 + Level 3.2 Air Magic
 + Level 3.2 Earth Magic
 + Level 3.2 Poison Magic
 + Level 4.4 Invocations
 + Level 4.0 Evocations


You had 16 spell levels left.
You didn't know any spells.
Your spell library contained the following spells:

 Spells                   Type           Power      Damage    Failure   Level
 Freeze                   Ice            32%        1d5       12%         1
 Frozen Ramparts          Ice            16%        1d3       34%         3
 Hailstorm                Conj/Ice       8%         3d4       34%         3


Dungeon Overview and Level Annotations

Branches:
Dungeon (9/15)             Temple (0/1) D:4
   Lair: D:8-11         Orc: D:9-12

Altars:
Dithmenos
Fedhas
Hepliaklqana
Ru
Sif Muna
Uskayaw
Wu Jian
Xom
Yredelemnul
Zin

Shops:
D:1 !([   D:5 [[[


Innate Abilities, Weirdness & Mutations

You have very sharp teeth.
Your uncanny sense of smell can sniff out nearby items.
Your experience applies equally to all skills.


Message History

The orc hits your briar patch but does no damage.
The orc barely misses you.
The orc hits your briar patch but does no damage.
The orc closely misses you.
Fire: i) +2 hand crossbow (flame)
Press: ? - help, Q - select action, (/) - cycle Shift-Dir - straight line, f/p - orc
Aim: an orc, wielding a +0 hand axe (heavily wounded, ally target, 71% to hit)
You shoot a bolt. The bolt hits the orc.
The bolt burns the orc.
You kill the orc!
Fedhas appreciates your contribution to the ecosystem.
The orc hits your briar patch but does no damage.
The orc is struck by your briar patch's thorns.
The orc dies!
Fedhas appreciates your contribution to the ecosystem.
As you read the scroll labelled LUTOVACV FIOTH, it crumbles to dust.
Your body is wracked with pain!
* * * LOW HITPOINT WARNING * * *
The centaur convulses!
It was a scroll of torment.
The centaur unwields a +0 shortbow.
The centaur hits your briar patch. The centaur kicks your briar patch.
Okay, then.
Things that are here:
a +0 hand axe; an orc corpse It was a potion of haste.
You feel yourself speed up.
The centaur wields a +0 shortbow.
The centaur shoots an arrow.
The arrow hits you.
* * * LOW HITPOINT WARNING * * *
The centaur shoots an arrow.
The arrow hits you!
* * * LOW HITPOINT WARNING * * *
It was a potion of resistance.
You feel protected.
It was a potion of degeneration.
There was something very wrong with that liquid.
You feel weakened.
You feel dopey.
You feel clumsy.
The centaur shoots an arrow.
The arrow hits you.
* * * LOW HITPOINT WARNING * * *
Okay, then.
The centaur shoots an arrow.
The arrow hits you!
You die...
Fedhas appreciates your contribution to the ecosystem.

...............##
....
#..#...........## ...
. ##.#............##
..
#.##................#
.........>..........
...c##............
##PP#c.##........
#P.#)..........#
##PP.###@.###.##
##..# #.## #### ###


You could see a centaur.

Vanquished Creatures
  A water moccasin (D:8)
  A black bear (D:5)
  2 ogres
  A centaur (D:6)
  A phantom (D:6)
  3 scorpions
  A bullfrog (D:8)
  A water moccasin zombie (D:3)
  A howler monkey (D:5)
  A jelly (D:6)
  5 hounds
  5 orc priests
  Jessica (D:3)
  2 iguanas (D:6)
  2 orc wizards
  2 hound zombies (D:3)
  11 adders
  A white imp (D:5)
  7 worms
  6 dart slugs
  21 orcs
  6 ball pythons
  8 bats
  9 endoplasms
  3 giant cockroaches
  7 goblins
  10 hobgoblins
  5 quokkas
  3 frilled lizards
  7 kobolds
  A quokka zombie (D:3)
  7 rats
142 creatures vanquished.

Vanquished Creatures (collateral kills)
  A bullfrog (D:7)
  A jelly (D:8)
  An orc wizard (D:8)
  2 orcs (D:8)
5 creatures vanquished.

Vanquished Creatures (others)
  A sleepcap (D:6)
1 creature vanquished.

Grand Total: 148 creatures vanquished

Notes
Turn   | Place    | Note
-------+----------+-------------------------------------------
     0 | D:1      | Reached skill level 10 in Fighting
     0 | D:1      | kingsuperguy the Gnoll Wanderer began the quest for the
                  | Orb.
     0 | D:1      | kingsuperguy set off with the following items: a +3 sling,
                  | a +0 pair of boots, a potion of berserk rage, a +0 leather
                  | armour.
     0 | D:1      | Reached XP level 1. HP: 29/29 MP: 1/1
    19 | D:1      | Found Heubluam's Weapon Shoppe.
   213 | D:1      | Reached XP level 2. HP: 36/36 MP: 2/2
   215 | D:1      | Found Aruttes's Armour Shop.
   352 | D:1      | Found Ewkimon's Distillery.
   360 | D:1      | Bought a potion of curing for 36 gold pieces
   458 | D:1      | Reached XP level 3. HP: 42/42 MP: 3/3
   488 | D:1      | Found a faded altar of an unknown god.
   844 | D:1      | Prayed at the altar of an unknown god.
   844 | D:1      | Became a worshipper of Fedhas Madash
   844 | D:1      | Reached * piety under Fedhas
   875 | D:2      | Reached skill level 1 in Invocations
   951 | D:2      | Reached skill level 1 in Short Blades
   951 | D:2      | Reached skill level 1 in Long Blades
   951 | D:2      | Reached skill level 1 in Axes
   951 | D:2      | Reached skill level 1 in Maces & Flails
   951 | D:2      | Reached skill level 1 in Polearms
   951 | D:2      | Reached skill level 1 in Staves
   951 | D:2      | Reached skill level 1 in Throwing
   951 | D:2      | Reached skill level 1 in Armour
   951 | D:2      | Reached skill level 1 in Shields
   951 | D:2      | Reached skill level 1 in Unarmed Combat
   951 | D:2      | Reached skill level 1 in Spellcasting
   951 | D:2      | Reached skill level 1 in Evocations
  1001 | D:2      | Reached XP level 4. HP: 48/48 MP: 5/5
  1294 | D:2      | Reached skill level 1 in Conjurations
  1294 | D:2      | Reached skill level 1 in Hexes
  1294 | D:2      | Reached skill level 1 in Summonings
  1294 | D:2      | Reached skill level 1 in Necromancy
  1294 | D:2      | Reached skill level 1 in Translocations
  1294 | D:2      | Reached skill level 1 in Transmutations
  1294 | D:2      | Reached skill level 1 in Fire Magic
  1294 | D:2      | Reached skill level 1 in Ice Magic
  1294 | D:2      | Reached skill level 1 in Air Magic
  1294 | D:2      | Reached skill level 1 in Earth Magic
  1294 | D:2      | Reached skill level 1 in Poison Magic
  1418 | D:3      | Noticed Jessica
  1424 | D:3      | Killed Jessica
  1463 | D:3      | Reached ** piety under Fedhas
  1464 | D:3      | Reached XP level 5. HP: 40/54 MP: 4/7
  1701 | D:3      | Found a basalt altar of Yredelemnul.
  1722 | D:3      | Reached XP level 6. HP: 52/61 MP: 7/9
  2262 | D:3      | Found a sacrificial altar of Ru.
  2266 | D:3      | Found a shimmering blue altar of Sif Muna.
  2266 | D:3      | Found a glowing silver altar of Zin.
  2268 | D:3      | Found a shimmering altar of Xom.
  2268 | D:3      | Found a hazy altar of Hepliaklqana.
  2268 | D:3      | Found a shimmering blue altar of Sif Muna.
  2489 | D:4      | Reached *** piety under Fedhas
  2600 | D:4      | Found a hide-covered altar of Uskayaw.
  2602 | D:4      | Noticed a +0 dagger
  2602 | D:4      | Noticed a +0 dagger
  2614 | D:4      | Reached XP level 7. HP: 65/67 MP: 8/10
  2814 | D:4      | Found a staircase to the Ecumenical Temple.
  2938 | D:4      | Found an ornate altar of the Wu Jian Council.
  3317 | D:5      | Entered Level 5 of the Dungeon
  3381 | D:5      | Noticed an animated crystal plate armour
  3382 | D:5      | Found Izemaog's Armour Shoppe.
  3383 | D:5      | Noticed an animated pearl dragon scales
  3489 | D:5      | Found Kerphynk's Armour Shoppe.
  3507 | D:5      | Reached XP level 8. HP: 74/74 MP: 12/12
  3610 | D:5      | Found a blossoming altar of Fedhas.
  3611 | D:5      | Found a shadowy altar of Dithmenos.
  3788 | D:5      | Found Zuexzuj's Armour Emporium.
  3858 | D:5      | Identified a scroll of acquirement
  3858 | D:5      | Acquired a +2 hand crossbow of flaming
  3891 | D:6      | Reached **** piety under Fedhas
  3914 | D:6      | Reached skill level 11 in Fighting
  4760 | D:7      | Noticed a two-headed ogre
  4795 | D:8      | Reached XP level 9. HP: 59/81 MP: 10/14
  4855 | D:8      | HP: 4/81 [centaur/arrow (5)]
  4860 | D:8      | HP: 2/81 [centaur/arrow (3)]
  4861 | D:8      | Shot with an arrow by a centaur

Illustrated notes

Levels and vault maps discovered:
D:1:      enne_arrival_octagon_isle, layout_basic,
          ebering_ecumenical_altar_rust, serial_shops, shop_fountains,
          nicolae_shop_advertising_works [nicolae_subvault_shop_adworks],
          nicolae_shop_bloodbath_and_beyond
D:2:      layout_basic
D:3:      layout_basic, nicolae_yredelemnul_corpse_copse, doesnt_xom_only_xom,
          minmay_misc_feat_alley, kennysheep_donut, minmay_strange_pillars,
          nicolae_wormholes, uniq_jessica
D:4:      layout_loops_ring, dancing_weapons_uskayaw,
          mainiacjoe_overflow_concentric_impassable,
          minmay_temple_entry_poolview, minmay_three_crescents
D:5:      layout_rooms, mainiacjoe_overflow_divided_tiny, serial_shops,
          nicolae_shop_mannequins, shop, shop, feat_on_display
D:6:      layout_loops_ring
D:7:      layout_cave_pools, mainiacjoe_overflow_brackets,
          kennysheep_generic_room_14, uniq_prince_ribbit1
D:8:      layout_cave_pools, vehumet_altar_wand_db, lair_entry_dummy,
          nzn_life_drinkers, uniq_pikel
D:9:      nicolae_hitomezashi [nicolae_hito_row, nicolae_hito_row,
          nicolae_hito_row, nicolae_hito_row, nicolae_hito_row,
          nicolae_hito_row, nicolae_hito_row, nicolae_hito_row,
          nicolae_hito_row, nicolae_hito_row, nicolae_hito_row,
          nicolae_hito_row, nicolae_hito_row, nicolae_hito_row,
          nicolae_hito_row, nicolae_hito_row, nicolae_hito_row,
          nicolae_hito_row], layout_basic, mainiacjoe_overflow_chevrons,
          jmf_multi_god_temple2, serial_shops, nicolae_shop_tiny_glass,
          nicolae_shop_waterfront, shop, shop, uniq_erolcha

Skill      XL: |  1  2  3  4  5  6  7  8  9 |
---------------+----------------------------+-----
Fighting       | 11 | 11.2
Invocations    | 1 2 3 4 |  4.4
Short Blades   | 1 2 3 4 |  4.0
Long Blades    | 1 2 3 4 |  4.0
Axes           | 1 2 3 4 |  4.0
Maces & Flails | 1 2 3 4 |  4.0
Polearms       | 1 2 3 4 |  4.0
Staves         | 1 2 3 4 |  4.0
Throwing       | 1 2 3 4 |  4.0
Armour         | 1 2 3 4 |  4.0
Shields        | 1 2 3 4 |  4.0
Unarmed Combat | 1 2 3 4 |  4.0
Spellcasting   | 1 2 3 4 |  4.0
Evocations     | 1 2 3 4 |  4.0
Conjurations   | 1 2 3 |  3.2
Hexes          | 1 2 3 |  3.2
Summonings     | 1 2 3 |  3.2
Necromancy     | 1 2 3 |  3.2
Translocations | 1 2 3 |  3.2
Transmutations | 1 2 3 |  3.2
Fire Magic     | 1 2 3 |  3.2
Ice Magic      | 1 2 3 |  3.2
Air Magic      | 1 2 3 |  3.2
Earth Magic    | 1 2 3 |  3.2
Poison Magic   | 1 2 3 |  3.2
Dodging        | 3 4 |  4.8
Stealth        | 3 4 |  4.7
Ranged Weapons | 7 |  7.7

Action                     |  1- 3 |  4- 6 |  7- 9 || total
---------------------------+-------+-------+-------++-------
  Melee: Hand crossbow     |       |       |     1 ||     1
   Fire: Sling             |    80 |   185 |    18 ||   283
         Longbow           |       |       |    61 ||    61
         Hand crossbow     |       |       |    70 ||    70
 Invoke: Wall of Briars    |       |       |     3 ||     3
  Evoke: Wand              |       |       |     5 ||     5
    Use: Scroll            |       |       |    12 ||    12
         Potion            |       |       |     5 ||     5
 Armour: Leather armour    |     6 |    18 |    23 ||    47
  Dodge: Dodged            |    21 |    41 |    71 ||   133
